Map: Frost LE

Players

Miszu - Winner!

  • Race: Protoss Protoss
  • League: Master

JmaC

  • Race: Zerg Zerg
  • League: Master

VOD

Have the link to the VOD?

Description

Time

  • Played on: June 1, 2016, 4:51 p.m.
  • Length: 19:58
Show
View Real Time Build Order
Export as new Build Order

Miszu Protoss - Winner!

Build Orders: 1 Gate Expand, Oracle Opening 

Get SALT Encoding   

  12  0:00  Probe (Chrono Boost)  
  13  0:11  Probe (Chrono Boost)  
  14  0:19  Pylon  
  14  0:22  Probe (Chrono Boost)  
  15  0:37  Gateway, Probe (Chrono Boost)  
  16  0:48  Probe (Chrono Boost)  
  17  0:58  Probe (Chrono Boost)  
  18  1:11  Nexus  
  18  1:15  Probe (Chrono Boost)  
  19  1:20  Assimilator  
  19  1:24  Assimilator  
  19  1:27  Probe (Chrono Boost)  
  20  1:36  Cybernetics Core  
  20  1:40  Probe (Chrono Boost)  
  21  1:51  Probe (Chrono Boost)  
  21  1:52  Pylon  
  22  2:04  Probe (Chrono Boost)  
  23  2:13  Adept (Chrono Boost)  
  23  2:15  Probe  
  26  2:22  Probe  
  26  2:27  Stargate, Probe  
  28  2:31  Warp Gate  
  28  2:33  Probe  
  29  2:39  Probe  
  29  2:43  Probe  
  31  2:51  Probe  
  31  2:54  Probe  
  33  3:01  Adept (Chrono Boost)  
  35  3:16  Oracle, Probe  
  35  3:17  Probe  
  40  3:25  Assimilator  
  40  3:26  Probe  
  40  3:27  Assimilator  
  40  3:29  Pylon, Probe  
  42  3:34  Stargate  
  42  3:37  Probe  
  43  3:41  Probe  
  43  3:47  Probe  
  44  3:53  Probe  
  46  3:58  Oracle, Probe  
  50  4:10  Probe  
  50  4:11  Probe  
  52  4:20  Probe  
  53  4:32  Oracle  
  54  4:46  Pylon  
  53  4:54  Probe  
  54  5:02  Pylon, Probe  
  54  5:04  Oracle  
  54  5:05  Forge, Nexus  
  54  5:06  Pylon, Probe  
  59  5:08  Oracle  
  62  5:18  Probe  
  62  5:19  Pylon  
  62  5:20  Stargate  
  63  5:24  Fleet Beacon, Probe  
  64  5:29  Assimilator, Probe  
  64  5:36  Probe  
  64  5:39  Oracle  
  64  5:40  Probe  
  68  5:52  Nexus  
  68  5:53  Pylon  
  64  5:59  Pylon  
  63  6:06  Probe  
  63  6:09  Probe  
  64  6:11  Pylon  
  64  6:17  Photon Cannon x3  
  65  6:18  Probe  
  65  6:19  Tempest  
  65  6:25  Mothership Core  
  70  6:30  Probe  
  72  6:36  Assimilator  
  72  6:37  Assimilator  
  72  6:42  Tempest, Probe  
  72  6:44  Probe  
  78  6:54  Probe  
  78  6:55  Probe  
  80  7:02  Tempest  
  80  7:03  Probe  
  80  7:05  Probe  
  80  7:07  Probe  
  87  7:13  Probe  
  88  7:16  Probe  
  88  7:19  Probe  
  90  7:24  Probe  
  90  7:26  Probe  
  92  7:31  Probe  
  92  7:32  Pylon  
  92  7:33  Tempest  
  92  7:34  Pylon  
  92  7:35  Probe  
  98  7:37  Probe  
  98  7:43  Probe  
  100  7:45  Probe  
  100  7:47  Probe  
  101  7:55  Probe  
  101  7:56  Probe  
  101  8:03  Tempest x2, Probe  
  110  8:06  Probe  
  110  8:07  Probe  
  112  8:20  Pylon  
  112  8:27  Tempest (Chrono Boost)  
  112  8:30  Photon Cannon  
  112  8:32  Photon Cannon  
  116  8:39  Pylon  
  115  8:46  Tempest x2 (Chrono Boost)  
  123  8:59  Pylon  
  123  9:01  Nexus  
  123  9:03  Pylon  
  123  9:08  Twilight Council  
  127  9:17  Tempest (Chrono Boost)  
  127  9:21  Photon Cannon  
  127  9:27  Tempest x2 (Chrono Boost)  
  127  9:30  Photon Cannon  
  135  9:32  Photon Cannon  
  135  9:43  Photon Cannon x2  
  135  9:51  Gateway  
  135  9:52  Gateway  
  135  9:53  Templar Archives  
  135  9:54  Tempest (Chrono Boost)  
  139  10:13  Tempest (Chrono Boost)  
  136  10:40  Psionic Storm  
  136  10:43  Assimilator  
  136  10:53  High Templar x3  
  136  10:56  Probe  
  142  10:57  Pylon, Probe  
  144  11:05  Tempest x3 (Chrono Boost)  
  144  11:09  Pylon  
  144  11:10  Assimilator  
  156  11:16  Pylon  
  156  11:21  Charge, Gateway  
  156  11:22  Robotics Facility  
  156  11:23  Gateway, Protoss Ground Weapons Level 1  
  156  11:24  Gateway  
  156  11:25  Robotics Facility  
  156  11:29  High Templar, Gateway  
  155  11:35  Probe  
  155  11:37  Probe x3  
  154  11:42  Tempest (Chrono Boost)  
  158  11:49  Probe  
  159  11:59  High Templar x2  
  163  12:02  High Templar, Probe  
  166  12:25  Warp Prism x2  
  170  12:46  High Templar x4, Pylon  
  170  12:49  High Templar  
  180  12:55  Archon  
  180  12:56  Archon  
  180  12:57  Pylon  
  180  12:59  Pylon  
  180  13:04  Observer x2  
  178  13:21  Pylon  
  178  13:22  Nexus  
  175  13:31  Photon Cannon x2  
  175  13:34  Photon Cannon  
  173  13:53  High Templar x2  
  173  13:54  High Templar  
  173  13:55  High Templar  
  181  14:15  Archon x2  
  180  14:21  Zealot x3  
  186  14:26  Zealot x2  
  186  14:27  Zealot x2  
  184  14:48  Zealot x3  
  184  14:49  Zealot x4  
  196  15:05  Nexus  
  196  15:06  Pylon  
  196  15:07  Assimilator  
  196  15:08  Pylon, Warp Prism x2, Assimilator  
  194  15:20  Zealot  
  182  15:33  Protoss Air Weapons Level 1  
  182  15:34  Protoss Ground Weapons Level 2  
  178  15:41  Cybernetics Core  
  176  15:43  Photon Cannon  
  176  15:46  Photon Cannon  
  176  15:49  Photon Cannon  
  176  15:50  Zealot x3, Photon Cannon x2  
  176  15:51  Zealot x4  
  176  15:53  Photon Cannon x2  
  170  16:22  Forge  
  170  16:23  Zealot x2  
  170  16:24  Zealot x5  
  184  16:28  Pylon  
  184  16:30  Pylon  
  181  16:44  Zealot x5  
  167  17:20  Zealot x2  
  167  17:21  Zealot x3  
  171  17:41  Zealot x3  
  171  17:50  High Templar x4  
  167  17:55  Archon  
  167  17:56  Archon  
  167  18:03  High Templar x3  
  167  18:07  Archon  
  167  18:19  Dark Shrine  
  167  18:27  Zealot x4  
  136  19:37  Probe  
  136  19:41  Pylon  
  136  19:42  Nexus  
Show
View Real Time Build Order
Export as new Build Order

JmaC Zerg 

Build Orders: Hatch First 

Get SALT Encoding   

  12  0:00  Drone  
  13  0:14  Overlord  
  13  0:19  Drone  
  14  0:33  Drone x2  
  16  0:39  Drone  
  17  0:52  Hatchery  
  16  0:57  Drone  
  16  0:59  Drone  
  16  1:02  Extractor  
  17  1:09  Drone  
  18  1:20  Spawning Pool  
  18  1:25  Drone  
  18  1:32  Drone  
  19  1:45  Overlord  
  19  2:07  Queen x2  
  23  2:09  Metabolic Boost  
  23  2:11  Evolution Chamber  
  23  2:12  Drone  
  23  2:14  Zergling x2  
  24  2:16  Zergling x2  
  25  2:30  Drone x3  
  25  2:31  Drone  
  29  2:41  Zerg Melee Weapons Level 1  
  29  2:43  Drone  
  30  2:55  Zergling x2  
  31  3:03  Hatchery  
  30  3:06  Overlord  
  30  3:09  Drone  
  30  3:10  Drone  
  32  3:19  Overlord  
  32  3:22  Drone x3  
  32  3:23  Drone  
  36  3:27  Zergling x2  
  36  3:28  Zergling x2  
  36  3:33  Drone x2  
  40  3:35  Drone  
  40  3:41  Queen  
  41  3:45  Spore Crawler  
  41  3:55  Spore Crawler  
  41  3:57  Overlord  
  41  3:59  Drone x4  
  44  4:04  Zergling x6  
  47  4:10  Overlord  
  47  4:12  Zergling x2  
  47  4:13  Zergling x2  
  49  4:21  Queen  
  51  4:31  Zergling x14  
  52  4:32  Zergling x2  
  52  4:34  Evolution Chamber  
  52  4:36  Extractor  
  53  4:45  Overlord  
  52  4:54  Spore Crawler  
  52  4:56  Spore Crawler x2  
  52  4:57  Drone x3  
  52  4:58  Drone x3  
  52  4:59  Spore Crawler  
  53  5:05  Queen  
  55  5:12  Drone  
  55  5:13  Drone x2  
  58  5:23  Drone  
  58  5:24  Drone x4  
  58  5:27  Spore Crawler  
  52  5:46  Lair  
  52  5:47  Zerg Missile Weapons Level 1, Drone  
  52  5:48  Drone x4  
  52  5:49  Drone  
  57  5:50  Drone x2  
  57  5:51  Extractor, Drone  
  57  5:55  Extractor  
  55  6:05  Overlord x2  
  55  6:12  Drone x7  
  60  6:26  Overlord x2  
  60  6:27  Drone x5  
  60  6:28  Drone x2  
  60  6:30  Drone  
  68  6:38  Spore Crawler  
  68  6:39  Zergling x4, Spore Crawler  
  68  6:44  Drone  
  68  6:46  Hydralisk Den  
  68  6:53  Zergling x14  
  72  7:00  Zergling x10  
  76  7:06  Drone  
  76  7:07  Spire  
  76  7:10  Zerg Melee Weapons Level 2  
  77  7:15  Drone x3  
  77  7:16  Drone x2  
  81  7:26  Muscular Augments  
  81  7:29  Hydralisk x3  
  86  7:31  Hydralisk  
  86  7:35  Spore Crawler  
  79  7:55  Drone x2  
  79  7:56  Drone x5  
  79  7:57  Extractor  
  83  7:58  Queen  
  83  7:59  Extractor  
  83  8:17  Zerg Missile Weapons Level 2  
  83  8:19  Drone  
  82  8:20  Zerg Flyer Weapons Level 1  
  82  8:21  Corruptor x3  
  82  8:22  Infestation Pit, Corruptor  
  82  8:25  Zergling x10  
  82  8:26  Zergling x2  
  91  8:42  Corruptor x2  
  95  8:52  Hatchery  
  94  8:58  Overlord  
  94  8:59  Hive  
  94  9:03  Corruptor  
  94  9:08  Overseer  
  94  9:09  Overseer  
  96  9:11  Overlord x2  
  96  9:12  Hydralisk  
  98  9:19  Hydralisk, Hatchery  
  99  9:26  Corruptor  
  99  9:27  Corruptor  
  103  9:31  Corruptor  
  103  9:37  Spore Crawler  
  103  9:38  Drone x5, Spore Crawler  
  106  9:43  Drone x4  
  106  9:44  Drone  
  113  9:46  Drone  
  114  9:53  Corruptor x2  
  114  9:56  Hydralisk  
  120  10:01  Drone x4  
  120  10:05  Queen  
  126  10:12  Corruptor  
  124  10:29  Corruptor  
  124  10:30  Corruptor x5  
  124  10:34  Corruptor  
  126  10:38  Extractor, Drone x2  
  126  10:39  Drone x4  
  126  10:40  Extractor  
  130  10:43  Adrenal Glands  
  128  10:55  Corruptor x2  
  130  11:08  Corruptor x2  
  134  11:17  Overlord x5  
  134  11:21  Zerg Flyer Weapons Level 2  
  134  11:23  Extractor x2  
  132  11:39  Drone  
  134  11:40  Drone x2  
  134  11:44  Corruptor x3  
  134  11:45  Corruptor x3  
  147  11:50  Overlord  
  147  11:51  Zergling x26  
  160  11:55  Zerg Melee Weapons Level 3  
  160  12:00  Queen  
  160  12:01  Overlord  
  162  12:09  Queen  
  162  12:13  Corruptor x2  
  168  12:18  Drone x2  
  168  12:19  Drone x5  
  175  12:31  Spore Crawler  
  175  12:32  Spore Crawler  
  175  12:33  Spore Crawler  
  175  12:34  Spore Crawler  
  171  12:38  Viper  
  171  12:39  Viper x4  
  171  12:43  Zergling x6  
  189  12:47  Zergling x2  
  189  12:50  Overlord x2  
  190  13:04  Overlord x3  
  190  13:08  Spore Crawler x2  
  190  13:09  Spore Crawler  
  190  13:10  Overlord  
  185  13:23  Evolution Chamber  
  185  13:24  Evolution Chamber  
  185  13:27  Evolution Chamber  
  179  13:28  Evolution Chamber  
  178  13:34  Zergling x12  
  178  13:35  Zergling x22  
  189  13:55  Spore Crawler  
  188  13:56  Spore Crawler  
  188  13:57  Spore Crawler x2  
  182  14:05  Drone x4  
  184  14:15  Overseer  
  183  14:17  Overseer  
  183  14:18  Overseer  
  183  14:23  Overlord x2  
  183  14:25  Zerg Flyer Weapons Level 3  
  183  14:27  Zerg Missile Weapons Level 3  
  183  14:30  Zergling x2  
  183  14:31  Zergling x26  
  188  14:49  Lurker Den  
  188  14:52  Zerg Ground Armor Level 1  
  172  15:01  Zergling x30  
  176  15:15  Zergling x8  
  176  15:16  Zergling x10  
  176  15:29  Zergling x2  
  176  15:30  Zergling x16  
  177  15:41  Corruptor x2  
  178  16:18  Zergling x8  
  174  16:23  Spine Crawler x2  
  174  16:24  Spine Crawler x2  
  163  16:25  Spine Crawler  
  163  16:26  Spine Crawler  
  163  16:27  Spine Crawler  
  163  16:29  Corruptor x2  
  160  16:37  Zergling x14  
  147  17:06  Zergling x14  
  147  17:07  Zergling x16  
  149  17:26  Hydralisk x5  
  156  17:39  Corruptor x2  
  158  17:57  Spore Crawler  
  155  18:02  Corruptor x3  
  155  18:03  Corruptor, Spore Crawler  
  158  18:17  Queen  
  160  18:25  Spore Crawler  
  160  18:26  Spore Crawler x3  
  156  18:27  Spore Crawler  
  156  18:28  Spore Crawler  
  138  19:04  Zergling x6  
  138  19:05  Zergling x34  
Tags
 
Add a new tag
Caveats
  • Supply blocks, unpowered buildings, or Contaminate may cause inaccurate times.
  • Supply counts are checked every 10 seconds.